 Dungeon Crawl Stone Soup version 0.30-a0-1160-g6e42c06551 (webtiles) character file.

Game seed: 11163196539009746787

327 Pooter the Chopper (level 6, 0/55 HPs)
             Began as a Minotaur Berserker on Apr 27, 2023.
             Was a Believer of Trog.
             Slain by Menkaure (10 damage)
             ... on level 4 of the Dungeon.
             The game lasted 00:10:44 (2823 turns).

Pooter the Chopper (Minotaur Berserker)             Turns: 2823, Time: 00:10:44

Health: 0/55       AC:  8    Str: 23    XL:     6   Next: 24%
Magic:  5/5        EV: 10    Int:  4    God:    Trog [**....]
Gold:   174        SH:  0    Dex: 10    Spells: 5/5 levels left

rFire   . . .        j - +0 trident
rCold   . . .        (no shield)
rNeg    . . .        r - +0 scale mail
rPois   .            (helmet restricted)
rElec   .            (no cloak)
rCorr   .            (no gloves)
SInv    .            m - +1 pair of boots
Will    ++...        (no amulet)
Stlth   +            (no ring)
HPRegen 1.29/turn    (no ring)
MPRegen 0.09/turn

%: no passive effects
@: strong-willed, on berserk cooldown, regenerating, slowed, very slow
A: horns 2, retaliatory headbutt
a: Renounce Religion, Berserk, Trog's Hand


You were on level 4 of the Dungeon.
You worshipped Trog.
Trog was pleased with you.
You visited 1 branch of the dungeon, and saw 4 of its levels.

You collected 174 gold pieces.

Inventory:

Hand Weapons
 a - a +0 hand axe
 j - a +0 trident (weapon)
   (You found it on level 2 of the Dungeon)
Missiles
 d - a curare-tipped dart
 Q - 48 stones (quivered)
Armour
 m - a +1 pair of boots (worn)
   (You found it on level 2 of the Dungeon)
 r - a +0 scale mail (worn)
   (You took it off an orc on level 3 of the Dungeon)
Scrolls
 e - a scroll of butterflies {unknown}
 f - 2 scrolls of immolation {!r}
 g - a scroll of fear {unknown}
 h - a scroll of torment {!r}
 i - 3 scrolls of noise {!r}
 k - a scroll of blinking
 q - a scroll of enchant weapon {unknown}
 t - 4 scrolls of teleportation {@r4}
Potions
 b - a potion of flight {unknown}
 c - a potion of brilliance {unknown}
 n - a potion of degeneration {unknown}
 o - a potion of berserk rage {unknown}
 p - a potion of haste {unknown}


   Skills:
 + Level 4.9 Fighting
 * Level 6.1 Axes
 - Level 2.4 Armour
 - Level 2.1 Dodging
 * Level 3.4 Stealth


You had 5 spell levels left.
You didn't know any spells.
Your spell library was empty.

Dungeon Overview and Level Annotations

Branches:
Dungeon (4/15)
 Temple: D:4-7

Altars:
Yredelemnul

Shops:
D:2 [

Annotations:
D:4 Menkaure


Innate Abilities, Weirdness & Mutations

You have a pair of horns on your head.
You reflexively headbutt those who attack you in melee.


Message History

You feel a strong urge to attack something.
You start resting.
You feel your anger nearly subside.
You start resting.
You are no longer berserk.
You are exhausted.
You feel yourself slow down.
You start resting.
Menkaure is nearby!
You feel yourself speed up.
There is a stone staircase leading up here.
You start resting.
Menkaure is nearby!
Menkaure shouts!
You hear an angry hiss.
You climb upwards.
There is a stone staircase leading down here.
You start resting.
You recover from your berserk rage.
You start resting.
Your skin crawls.
You feel strong-willed.
You climb downwards.
Level annotation: Menkaure The orc shouts!
There is a stone staircase leading up here.
A red film seems to cover your vision as you go berserk!
You feel yourself moving faster!
You feel mighty!
Menkaure calls on the powers of darkness!
The orc convulses!
Your body is wracked with pain!
You feel a strong urge to attack something.
An adder comes into view.
Menkaure gestures wildly while chanting.
Menkaure seems to speed up.
The orc hits you with a +0 flail.
You feel your anger nearly subside.
You are no longer berserk.
You are exhausted.
You feel yourself slow down.
You hit Menkaure but do no damage. The orc hits you but does no damage.
Menkaure closely misses you. The orc hits you but does no damage.
Menkaure calls on the powers of darkness!
The adder convulses!
Your body is wracked with pain!
* * * LOW HITPOINT WARNING * * *
The orc convulses!
You barely miss Menkaure.
Menkaure calls on the powers of darkness!
Your body is wracked with pain!
* * * LOW HITPOINT WARNING * * *
The adder convulses!
The orc closely misses you. The adder bites you.
* * * LOW HITPOINT WARNING * * *
Menkaure hits you!
You die...

.................
..................
..................
..................
..................
..................
..............(...
...........S......
..........@M......
.......<..o.......
..................
..................
.........)........
..................
..................
..................
..................


You could see Menkaure (fast), an adder and an orc.

Vanquished Creatures
  An ogre (D:4)
  A phantom (D:3)
  A scorpion (D:4)
  4 adders
  2 worms (D:3)
  An orc (D:3)
  6 bats
  7 endoplasms
  2 giant cockroaches
  5 hobgoblins
  8 jackals
  4 quokkas
  8 ball pythons
  4 frilled lizards (D:2)
  5 goblins
  5 kobolds
  5 rats
69 creatures vanquished.

Notes
Turn   | Place    | Note
-------+----------+-------------------------------------------
     0 | D:1      | Pooter the Minotaur Berserker began the quest for the Orb.
     0 | D:1      | Reached XP level 1. HP: 19/19 MP: 0/0
   182 | D:1      | Reached XP level 2. HP: 24/27 MP: 1/1
   210 | D:1      | Reached skill level 4 in Axes
   324 | D:1      | Reached skill level 1 in Stealth
   618 | D:1      | Reached ** piety under Trog
  1011 | D:2      | Reached XP level 3. HP: 33/33 MP: 2/2
  1569 | D:2      | Found a transporter.
  1585 | D:2      | Reached XP level 4. HP: 40/40 MP: 3/3
  1657 | D:2      | Found a transporter.
  1851 | D:2      | Found Vech's Armour Boutique.
  2011 | D:3      | Found a basalt altar of Yredelemnul.
  2254 | D:3      | Reached skill level 5 in Axes
  2516 | D:4      | Noticed Menkaure
  2564 | D:4      | Noticed a scorpion
  2567 | D:4      | Noticed a phantom
  2570 | D:4      | Killed a scorpion
  2571 | D:4      | Reached XP level 5. HP: 47/47 MP: 4/4
  2613 | D:3      | Killed a phantom
  2690 | D:4      | Noticed an ogre
  2702 | D:4      | Killed an ogre
  2703 | D:4      | Reached skill level 6 in Axes
  2703 | D:4      | Reached XP level 6. HP: 28/55 MP: 5/5
  2823 | D:4      | Slain by Menkaure

Illustrated notes

Levels and vault maps discovered:
D:1:      mrwooster_arrival_statue_3, layout_loops_corners
D:2:      layout_basic, serial_shops, nicolae_shop_drivethru
D:3:      layout_loops_ring, lemuel_doored_altar
D:4:      layout_layer_cave, uniq_menkaure

Skill      XL: |  1  2  3  4  5 |
---------------+----------------+-----
Axes           | 4 5 6 |  6.1
Stealth        | 1 2 3 |  3.4
Fighting       | 4 |  4.9
Armour         | |  2.4
Dodging        | |  2.1

Action                     |  1- 3 |  4- 6 || total
---------------------------+-------+-------++-------
  Melee: Hand axe          |    56 |       ||    56
         Headbutt          |    12 |     7 ||    19
         Trident           |    39 |    47 ||    86
  Throw: Dart              |     3 |     2 ||     5
 Invoke: Berserk           |     1 |     3 ||     4
         Trog's Hand       |       |     1 ||     1
    Use: Scroll            |     4 |     1 ||     5
   Stab: Sleeping          |     3 |     1 ||     4
 Armour: Animal skin       |    12 |       ||    12
         Ring mail         |     8 |     4 ||    12
         Scale mail        |       |     2 ||     2
  Dodge: Dodged            |    62 |    15 ||    77

Table legend: (Time is in decaauts)
 A = Elapsed time spent in this place.
 B = Non-inter-level travel time spent in this place.
 C = Inter-level travel time spent in this place.
 D = Time resting spent in this place.
 E = Time spent auto-exploring this place.
 F = Levels seen in this place.
 G = Mean time per level.
                   A        B        C        D        E       F      G
               +--------+--------+--------+--------+--------+-----+--------+
         Total |   2875 |   2701 |    174 |    435 |   1729 |   4 |  718.8 |
       Dungeon |   2875 |   2701 |    174 |    435 |   1729 |   4 |  718.8 |
               +--------+--------+--------+--------+--------+-----+--------+

Top non-repeatable levels by time:
     D:1: 1009 daAuts
     D:2: 886 daAuts
     D:3: 879 daAuts
     D:4: 100 daAuts
